 Dungeon Sprint DCSS version 0.30-a0-996-ga6910c8ee8 (webtiles) character file.

Game seed: 1501176938741744036

18519 DiggyJ the Wrestler (level 12, 0/132 HPs)
             Began as a Troll Berserker on Apr 5, 2023.
             Was the Champion of Trog.
             Slain by a snapping turtle (13 damage)
             ... in the Dungeon (Sprint III: "The Ten Rune Challenge").
             The game lasted 00:08:47 (1578 turns).

DiggyJ the Wrestler (Troll Berserker)               Turns: 1578, Time: 00:08:47

Health: 0/132      AC:  6    Str: 32    XL:     12   Next: 28%
Magic:  11/11      EV: 13    Int:  3    God:    Trog [******]
Gold:   1667       SH:  0    Dex:  9    Spells: 11/11 levels left

rFire   . . .      SeeInvis .      - Unarmed
rCold   . . .      Faith    .    (no shield)
rNeg    . . .      Spirit   .    a - +0 animal skin
rPois   .          Reflect  .    (helmet restricted)
rElec   .          Rampage  .    (no cloak)
rCorr   .          Clarity  +    (gloves unavailable)
Will    .....      NoTele   +    (boots unavailable)
Stlth   ++                       (no amulet)
HPRegen 1.22/turn                (no ring)
MPRegen 0.12/turn                (no ring)

@: no status effects
A: large, unfitting armour, claws 3, regeneration 1, shaggy fur 1, tough skin 1,
iridescent scales 1, clarity
a: Renounce Religion, Berserk, Trog's Hand, Brothers in Arms


You were in the Dungeon.
You worshipped Trog.
Trog was exalted by your worship.
You visited 1 branch You collected 1667 gold pieces.

Inventory:

Armour
 a - a +0 animal skin (worn)
 c - a +0 hat of willpower
Wands
 o - a wand of mindburst (13)
Scrolls
 g - a scroll of blinking
 h - a scroll of poison {unknown}
 i - a scroll of identify {unknown}
 l - a scroll of immolation {unknown}
 m - a scroll of magic mapping {unknown}
Potions
 b - 3 potions of curing
 d - a potion of haste
 e - 2 potions of magic
 f - a potion of heal wounds
 j - 2 potions of lignification {unknown}
 k - a potion of flight {unknown}
 n - 5 potions of mutation


   Skills:
 + Level 12.2 Fighting
 + Level 12.5 Dodging
 + Level 2.5 Stealth
 + Level 24.0 Unarmed Combat
 + Level 1.0 Evocations


You had 11 spell levels left.
You didn't know any spells.
Your spell library contained the following spells:

 Spells                   Type           Power      Damage    Failure   Level
 Lesser Beckoning         Tloc           0%         N/A       67%         2
 Gell's Gravitas          Tloc           0%         N/A       88%         3
 Teleport Other           Tloc           0%         N/A       88%         3


Dungeon Overview and Level Annotations

Branches:
Dungeon (1/1)

Altars:
Cheibriados
Dithmenos
Elyvilon
Fedhas
Gozag
Hepliaklqana
Kikubaaqudgha
Makhleb
Nemelex Xobeh
Okawaru
Qazlal
Ru
Sif Muna
Trog
Uskayaw
Vehumet
Wu Jian
Xom
Yredelemnul
Zin
The Shining One
Jiyva
Lugonu

Shops:
D (


Innate Abilities, Weirdness & Mutations

You are too large for most types of armour.
You have claws for hands.
Your natural rate of healing is unusually fast.
You are covered in fur. (AC +1)
You have tough skin. (AC +1)
You are partially covered in iridescent scales. (AC +2)
You possess an exceptional clarity of mind.


Message History

Aim: an alligator snapping turtle (water, wandering, hasn't noticed you, chance to affect: 34%)
The alligator snapping turtle hisses angrily.
The alligator snapping turtle easily resists.
You hear an angry hiss.
An alligator snapping turtle comes into view.
Why would you want to do that?
A snapping turtle comes into view.
Your stone giant goes berserk!
The snapping turtle bites the plant!
The plant begins to die.
Your stone giant hits the alligator snapping turtle!!
The alligator snapping turtle bites the plant.
Your stone giant hits the alligator snapping turtle!!!
The snapping turtle bites the plant!!
The snapping turtle barely misses you.
The alligator snapping turtle closely misses you.
The alligator snapping turtle bites the plant!!
Your stone giant hits the alligator snapping turtle.
The snapping turtle bites the plant!!
The snapping turtle bites you from afar!!
Your stone giant hits the alligator snapping turtle!
The alligator snapping turtle bites your stone giant!!
The alligator snapping turtle bites the plant!!
Your stone giant hits the alligator snapping turtle!!!
The snapping turtle misses you.
The snapping turtle bites the plant!!
The snapping turtle bites you from afar!
The alligator snapping turtle bites your stone giant but does no damage.
Your stone giant hits the alligator snapping turtle!!
The alligator snapping turtle dies!
Trog accepts your kill.
Your Unarmed Combat skill increases to level 24!
Your Evocations skill increases to level 1!
A nearby plant withers and dies.
The snapping turtle bites you from afar.
The snapping turtle bites you from afar!!
Your stone giant barely misses the snapping turtle.
Your stone giant completely misses the snapping turtle.
The snapping turtle barely misses you. The snapping turtle bites you!!
The alligator snapping turtle bites you!!!
* * * LOW HITPOINT WARNING * * *
The snapping turtle bites you from afar!
You die...

......).....♣♣
############'♣
#~P....††)...♣
+~~...########♣♣
#~~~.....†...P.♣
#~~~~P..P......♣
###########'############
▓...........P▓
▓≈≈).C@....≈≈▓
▓≈≈≈.ttt.P≈≈≈▓
▓≈≈≈≈≈t.≈≈≈≈≈▓
▓≈≈≈≈~≈≈~≈≈≈≈▓
▓≈≈≈~≈≈≈≈~≈≈≈▓
▓≈≈~≈≈≈≈≈≈~≈≈▓
▓≈~≈≈≈≈≈≈≈≈~≈▓
▓~≈≈≈≈≈≈≈≈≈≈~▓
▓≈~≈≈≈≈≈≈≈≈~≈▓


You could see an alligator snapping turtle, 3 snapping turtles and a friendly
stone giant (summoned, berserk).

Vanquished Creatures
  Rupert (D)
  A kraken (D)
  Gastronok (D)
  2 dire elephants (D)
  Erolcha (D)
  4 death yaks (D)
  A deep elf zephyrmancer (D)
  2 deep elf pyromancers (D)
  2 elephants (D)
  2 black mambas (D)
  2 cane toads (D)
  A rime drake (D)
  A komodo dragon (D)
  8 blink frogs (D)
  A snapping turtle (D)
  3 wandering mushrooms (D)
  A shadow (D)
  2 redbacks (D)
  A spatial vortex (D)
  A swamp drake (D)
  5 two-headed ogres (D)
  A necrophage (D)
  A water elemental (D)
  A jelly (D)
  A wizard (D)
  A necromancer (D)
  3 humans (D)
  A kobold demonologist (D)
  A phantom (D)
  An endoplasm (D)
  3 rats (D)
  A ballistomycete spore (D)
  3 tentacles (D)
61 creatures vanquished.

Vanquished Creatures (collateral kills)
  An alligator snapping turtle (D)
  A deep elf knight (D)
  2 deep elf pyromancers (D)
  An orc sorcerer (D)
  7 orc warriors (D)
  3 orc priests (D)
  An orc wizard (D)
  4 orcs (D)
20 creatures vanquished.

Vanquished Creatures (others)
  2 orcs (D)
  5 plants (D)
  5 tentacles (D)
12 creatures vanquished.

Grand Total: 93 creatures vanquished

Notes
Turn   | Place    | Note
-------+----------+-------------------------------------------
     0 | D        | DiggyJ the Troll Berserker began the quest for the Orb.
     0 | D        | Reached XP level 1. HP: 22/22 MP: 0/0
    20 | D        | Reached ** piety under Trog
    48 | D        | Reached skill level 4 in Unarmed Combat
    48 | D        | Reached XP level 2. HP: 7/31 MP: 1/1
   101 | D        | Gained mutation: You possess an exceptional clarity of
                  | mind. [potion of mutation]
   101 | D        | Gained mutation: You are partially covered in iridescent
                  | scales. (AC +2) [potion of mutation]
   132 | D        | Noticed a water elemental
   137 | D        | Killed a water elemental
   137 | D        | Reached *** piety under Trog
   138 | D        | Reached skill level 5 in Unarmed Combat
   138 | D        | Reached XP level 3. HP: 23/40 MP: 2/2
   138 | D        | Reached XP level 4. HP: 28/49 MP: 3/3
   182 | D        | Found a radiant altar of Vehumet.
   182 | D        | Found a shimmering blue altar of Sif Muna.
   182 | D        | Found an ancient bone altar of Kikubaaqudgha.
   182 | D        | Noticed a wizard
   186 | D        | Killed a wizard
   187 | D        | Reached skill level 6 in Unarmed Combat
   192 | D        | Reached **** piety under Trog
   193 | D        | Reached skill level 5 in Fighting
   193 | D        | Reached skill level 5 in Dodging
   206 | D        | Found a glowing silver altar of Zin.
   206 | D        | Found a glowing golden altar of the Shining One.
   206 | D        | Found a white marble altar of Elyvilon.
   207 | D        | Noticed a deep elf pyromancer
   213 | D        | Killed a deep elf pyromancer
   214 | D        | Reached skill level 9 in Unarmed Combat
   214 | D        | Reached XP level 5. HP: 62/62 MP: 4/4
   214 | D        | Reached XP level 6. HP: 71/71 MP: 5/5
   258 | D        | Found a hide-covered altar of Uskayaw.
   258 | D        | Found an iron altar of Okawaru.
   258 | D        | Found a bloodstained altar of Trog.
   258 | D        | Found an ornate altar of the Wu Jian Council.
   258 | D        | Noticed a human
   259 | D        | Noticed a human
   265 | D        | Killed a human
   266 | D        | Reached skill level 10 in Unarmed Combat
   266 | D        | Reached XP level 7. HP: 74/79 MP: 6/6
   269 | D        | Killed a human
   270 | D        | Reached skill level 11 in Unarmed Combat
   278 | D        | Noticed a shadow
   282 | D        | Reached ***** piety under Trog
   283 | D        | Killed a shadow
   323 | D        | Found a basalt altar of Yredelemnul.
   323 | D        | Found a shadowy altar of Dithmenos.
   323 | D        | Found a sacrificial altar of Ru.
   332 | D        | Reached XP level 8. HP: 89/89 MP: 7/7
   346 | D        | Found a blossoming altar of Fedhas.
   346 | D        | Found a stormy altar of Qazlal.
   346 | D        | Found a snail-covered altar of Cheibriados.
   346 | D        | Found a burning altar of Makhleb.
   346 | D        | Found a shimmering altar of Xom.
   347 | D        | Found a hazy altar of Hepliaklqana.
   347 | D        | Found an opulent altar of Gozag.
   347 | D        | Found a sparkling altar of Nemelex Xobeh.
   347 | D        | Found a corrupted altar of Lugonu.
   347 | D        | Found a viscous altar of Jiyva.
   365 | D        | Reached skill level 12 in Unarmed Combat
   379 | D        | Noticed a two-headed ogre
   386 | D        | Killed a two-headed ogre
   386 | D        | Reached ****** piety under Trog
   387 | D        | Reached skill level 1 in Stealth
   387 | D        | Reached skill level 13 in Unarmed Combat
   422 | D        | Noticed Erolcha
   423 | D        | Noticed a two-headed ogre
   427 | D        | Killed Erolcha
   428 | D        | Reached skill level 14 in Unarmed Combat
   428 | D        | Reached XP level 9. HP: 101/101 MP: 8/8
   431 | D        | Killed a two-headed ogre
   431 | D        | Received a gift from Trog
   434 | D        | Reached skill level 10 in Fighting
   480 | D        | Reached skill level 15 in Unarmed Combat
   508 | D        | Found Zurphee Ycini's Antique Weapon Shoppe.
   509 | D        | Noticed an orc sorcerer
   514 | D        | Reached skill level 10 in Dodging
   519 | D        | Received a gift from Trog
   525 | D        | Killed an orc sorcerer
   525 | D        | Received a gift from Trog
   526 | D        | Reached skill level 16 in Unarmed Combat
   529 | D        | Reached XP level 10. HP: 96/111 MP: 9/9
   636 | D        | Noticed a deep elf pyromancer
   636 | D        | Noticed a deep elf pyromancer
   636 | D        | Noticed a deep elf zephyrmancer
   636 | D        | Noticed a deep elf knight
   636 | D        | Noticed a deep elf pyromancer
   689 | D        | Killed a deep elf pyromancer
   724 | D        | Killed a deep elf zephyrmancer
   724 | D        | Received a gift from Trog
   725 | D        | Reached skill level 17 in Unarmed Combat
   725 | D        | Killed a deep elf pyromancer
   736 | D        | Killed a deep elf pyromancer
   741 | D        | Killed a deep elf knight
   742 | D        | Reached skill level 18 in Unarmed Combat
   871 | D        | Noticed a deep elf demonologist
   872 | D        | Noticed a deep elf demonologist
   872 | D        | Noticed a deep elf death mage
   872 | D        | Noticed a deep elf death mage
   873 | D        | Noticed a deep elf demonologist
  1009 | D        | Received a gift from Trog
  1015 | D        | Noticed a cane toad
  1015 | D        | Noticed a cane toad
  1017 | D        | Killed a cane toad
  1018 | D        | Reached skill level 19 in Unarmed Combat
  1019 | D        | Killed a cane toad
  1031 | D        | Reached XP level 11. HP: 119/120 MP: 10/10
  1063 | D        | Received a gift from Trog
  1071 | D        | Reached skill level 20 in Unarmed Combat
  1113 | D        | Noticed a dire elephant
  1113 | D        | Noticed a dire elephant
  1114 | D        | Noticed Gastronok
  1128 | D        | Killed a dire elephant
  1134 | D        | Killed a dire elephant
  1134 | D        | Received a gift from Trog
  1135 | D        | Reached skill level 21 in Unarmed Combat
  1139 | D        | Killed Gastronok
  1227 | D        | Noticed an azure jelly
  1227 | D        | Noticed an azure jelly
  1227 | D        | Noticed an azure jelly
  1246 | D        | Noticed Rupert
  1256 | D        | Killed Rupert
  1257 | D        | Reached skill level 22 in Unarmed Combat
  1310 | D        | Noticed a death yak
  1312 | D        | Noticed a death yak
  1315 | D        | Noticed a death yak
  1316 | D        | Noticed a death yak
  1318 | D        | Killed a death yak
  1324 | D        | Killed a death yak
  1324 | D        | Received a gift from Trog
  1331 | D        | Killed a death yak
  1343 | D        | Killed a death yak
  1344 | D        | Reached skill level 23 in Unarmed Combat
  1344 | D        | Reached XP level 12. HP: 63/132 MP: 11/11
  1402 | D        | Noticed an azure jelly
  1461 | D        | Noticed a kraken
  1472 | D        | Killed a kraken
  1472 | D        | Received a gift from Trog
  1565 | D        | Noticed an alligator snapping turtle
  1566 | D        | Noticed an alligator snapping turtle
  1576 | D        | Killed an alligator snapping turtle
  1577 | D        | Reached skill level 24 in Unarmed Combat
  1577 | D        | Reached skill level 1 in Evocations
  1578 | D        | Slain by a snapping turtle

Illustrated notes

Levels and vault maps discovered:
D:        dungeon_sprint_mu [sprint_mu_entry_forest, sprint_mu_temple_rooms,
          sprint_mu_d1_spiders, sprint_mu_d2_genie, sprint_mu_d3_branching,
          sprint_mu_orc_legion, sprint_mu_elf_gauntlet, sprint_mu_hive_nellie,
          sprint_mu_lair_fedhas, sprint_mu_vaults_butterflies,
          sprint_mu_slime_circle, sprint_mu_shoals_kraken,
          sprint_mu_snake_twists, sprint_mu_blade_basic, sprint_mu_crypt_lich,
          sprint_mu_tomb_spiral, sprint_mu_vestibule_basic,
          sprint_mu_gehenna_hellfire, sprint_mu_dis_giant,
          sprint_mu_tartarus_statrot, sprint_mu_cocytus_islands, sprint_mu_zot1]

Skill      XL: |  1  2  3  4  5  6  7  8  9 10 11 12 |
---------------+-------------------------------------+-----
Fighting       | 3 4 7 8 9 10 11 12 | 12.2
Dodging        | 3 4 7 8 9 10 11 12 | 12.5
Unarmed Combat | 4 5 9 10 11 14 16 19 23 24 | 24.0
Stealth        | 1 2 |  2.5
Evocations     | 1 |  1.0

Action                     |  1- 3 |  4- 6 |  7- 9 | 10-12 || total
---------------------------+-------+-------+-------+-------++-------
  Melee: Unarmed           |    18 |    19 |    42 |   131 ||   210
         Punch             |     1 |       |     4 |    18 ||    23
 Invoke: Berserk           |     1 |     1 |     1 |     1 ||     4
         Brothers in Arms  |       |       |     1 |     2 ||     3
         Trog's Hand       |       |       |     1 |       ||     1
  Evoke: Wand              |       |       |       |     2 ||     2
    Use: Potion            |     1 |       |     2 |     1 ||     4
   Stab: Sleeping          |       |       |       |     1 ||     1
 Armour: Animal skin       |     2 |     2 |     4 |    10 ||    18
  Dodge: Dodged            |     5 |     8 |    15 |    40 ||    68

Table legend: (Time is in decaauts)
 A = Elapsed time spent in this place.
 B = Non-inter-level travel time spent in this place.
 C = Inter-level travel time spent in this place.
 D = Time resting spent in this place.
 E = Time spent auto-exploring this place.
 F = Levels seen in this place.
 G = Mean time per level.
                   A        B        C        D        E       F      G
               +--------+--------+--------+--------+--------+-----+--------+
         Total |   1565 |   1503 |     62 |    799 |      0 |   1 | 1565.0 |
       Dungeon |   1565 |   1503 |     62 |    799 |      0 |   1 | 1565.0 |
               +--------+--------+--------+--------+--------+-----+--------+

Top non-repeatable levels by time:
       D: 1565 daAuts
